 Dungeon Crawl Stone Soup version 0.26.0-10-g1f06aea511 (webtiles) character file.

Game seed: 2346451948371637077

3 CurlyBrace the Grasshopper (level 1, -2/9 HPs)
             Began as a Felid Warper on Jan 14, 2021.
             Slain by a quokka (5 damage)
             ... on level 4 of the Dungeon.
             The game lasted 00:02:40 (250 turns).

CurlyBrace the Grasshopper (Felid Warper)            Turns: 250, Time: 00:02:41

Health: -2/9       AC:  1    Str:  7    XL:     1   Next: 41%
Magic:  4/4        EV: 18    Int: 14    God:
Gold:   30         SH:  0    Dex: 15    Spells: 4/4 levels left
                                        Lives:  0   Deaths: 0

rFire    . . .     SeeInvis +     - Unarmed
rCold    . . .     Faith    .   (shield unavailable)
rNeg     . . .     Spirit   .   (armour unavailable)
rPois    .         Reflect  .   (helmet unavailable)
rElec    .         Harm     .   (cloak unavailable)
rCorr    .         Rampage  .   (gloves unavailable)
Will     .....                  (boots unavailable)
Stlth    ++........             (no amulet)
HPRegen  0.03/turn              (no ring)
MPRegen  0.09/turn              (no ring)

@: quick
A: very small, no armour, no weapons or thrown items, stealth, claws 1, fangs 3,
see invisible, speed 1, shaggy fur 1, sharp paws
a: no special abilities


You were on level 4 of the Dungeon.
You visited 1 branch of the dungeon, and saw 5 of its levels.

You collected 30 gold pieces.

Inventory:

Jewellery
 c - a cursed ring of teleportation {unknown}
   (You found it on level 4 of the Dungeon)
Scrolls
 a - a scroll of magic mapping {unknown}
Potions
 b - a potion of cancellation


   Skills:
 - Level 2.0 Fighting
 - Level 3.2 Dodging
 + Level 0.6 Stealth
 * Level 2.2 Unarmed Combat
 - Level 2.0 Spellcasting
 - Level 4.4 Translocations


You had 4 spell levels left.
You didn't know any spells.
Your spell library contained the following spells:

 Spells                   Type           Power        Failure   Level
 Blink                    Tloc           N/A          6%          2
 Gell's Gravitas          Tloc           6%           12%         3
 Lesser Beckoning         Tloc           6%           12%         3
 Teleport Other           Tloc           13%          12%         3
 Passage of Golubria      Tloc           N/A          36%         4


Dungeon Overview and Level Annotations

Branches:
Dungeon (5/15)
 Temple: D:4-7

Altars:
Vehumet

Shops:
D:4 [

Annotations:
D:3 Sigmund
D:4 Ijyb, Pikel


Innate Abilities, Weirdness & Mutations

You cannot wear armour.
You are incapable of wielding weapons or throwing items.
Your paws allow you to move quietly. (Stealth)
You have sharp claws.
You have razor-sharp teeth.
You have supernaturally acute eyesight. (SInv)
You cover ground quickly.
You are covered in fur. (AC +1)
Your sharp claws are effective at attacking unaware monsters.


Message History

You feel magically purged.
You feel yourself slow down.
You see here a potion of cancellation.
b - a potion of cancellation
There is an open door here.
A lemure comes into view.
The lemure shouts!
A lemure comes into view.
A lemure and Pikel come into view.
Pikel is wielding a +0 whip of flaming.
The lemure shouts! x2; You hear a shout!
Found a scroll labelled OBISYES TIHAO.
Found a bronze ring.
Found a glowing buckler.
You see here a scroll labelled OBISYES TIHAO.
Found 7 gold pieces.
You see here a bronze ring.
c - a bronze ring The quokka bites you.
Ouch! That really hurt!
You die...

##.......##..........
##......##....K....
#########.....5#.#
#.....5#.# ..+ #....B...#
..# #..?B....###########..#
###....5.................
#.......r................
....#..#..@...............#
...........................
#####..#..............<....
#..#..............g##..
#..#......[.#....... #
#.................
#......#######.....
#$.....# #...... #!.....


You could see Pikel, 3 lemures, 2 worker ants and a quokka.

Vanquished Creatures
  A giant cockroach (D:3)
  A frilled lizard (D:3)
  2 rats (D:3)
4 creatures vanquished.

Notes
Turn   | Place    | Note
-------+----------+-------------------------------------------
     0 | D:1      | CurlyBrace the Felid Warper began the quest for the Orb.
     0 | D:1      | Reached XP level 1. HP: 9/9 MP: 4/4
     2 | D:2      | Found a radiant altar of Vehumet.
    76 | D:3      | Noticed Sigmund
   132 | D:4      | Noticed Ijyb
   171 | D:5      | Entered Level 5 of the Dungeon
   171 | D:5      | Noticed a centaur
   174 | D:4      | Found Ynu Tee's Armour Shoppe.
   174 | D:4      | Noticed a lemure
   174 | D:4      | Noticed a worker ant
   194 | D:4      | Noticed a worker ant
   237 | D:4      | Noticed a lemure
   238 | D:4      | Noticed a lemure
   239 | D:4      | Noticed Pikel
   239 | D:4      | Noticed a lemure
   250 | D:4      | Slain by a quokka

Illustrated notes

Levels and vault maps discovered:
D:1:      shiori_arrival_elements, layout_basic
D:2:      layout_basic, vehumet_crystals, lemuel_round_altar, uniq_terence
D:3:      layout_loops_ring, uniq_natasha, uniq_sigmund
D:4:      corexii_shack_village, layout_rooms, nicolae_overflow_crystal_walls,
          led_sif_book, serial_shops, shop, minmay_box_of_dots, uniq_ijyb,
          uniq_pikel, uniq_crazy_yiuf_cottage, uniq_blork_the_orc
D:5:      layout_basic, kennysheep_mini_moat,
          nicolae_dithmenos_through_a_glass_darkly, kennysheep_little_box,
          serial_shops, nicolae_shop_waterfront, nrook_pool_corridor

Action                   || total
-------------------------++-------
Melee: Unarmed           ||     7
  Use: Scroll            ||     2
       Potion            ||     2
 Stab: Sleeping          ||     2
Armor: Skin              ||     1
Dodge: Dodged            ||    17
